 Dungeon Crawl Stone Soup version 0.30-a0-718-geaa24f58ff (webtiles) character file.

Game seed: 1721032521013833523

143 flotson the Sneak (level 5, 0/41 HPs)
             Began as a Demonspawn Delver on Jan 25, 2023.
             Slain by Crazy Yiuf
             ... wielding a +2 quarterstaff of chaos
              (10 damage)
             ... on level 3 of the Dungeon.
             The game lasted 00:04:21 (2774 turns).

flotson the Sneak (Demonspawn Delver)               Turns: 2774, Time: 00:04:22

Health: 0/41       AC:  8    Str: 14    XL:     5   Next: 4%
Magic:  5/5        EV:  9    Int: 13    God:
Gold:   206        SH:  7    Dex: 15    Spells: 4/4 levels left

rFire   . . .      SeeInvis .    a - +1 hand axe (freeze)
rCold   . . .      Faith    .    q - +0 kite shield
rNeg    . . .      Spirit   .    j - +0 ring mail
rPois   .          Reflect  .    (no helmet)
rElec   .          Harm     .    (no cloak)
rCorr   .          Rampage  .    h - +2 pair of gloves {Stlth+}
Will    .....                    (no boots)
Stlth   +++                      (no amulet)
HPRegen 0.26/turn                (no ring)
MPRegen 0.09/turn                (no ring)

@: lethally poisoned (0 -> -4), hasted, very quick
A: foul stench 1, big brain 1
a: no special abilities


You were on level 3 of the Dungeon.
You visited 1 branch of the dungeon, and saw 5 of its levels.

You collected 206 gold pieces.

Inventory:

Hand Weapons
 a - a +1 hand axe of freezing (weapon)
Armour
 h - a +2 pair of gloves of stealth (worn)
 j - a +0 ring mail (worn)
 q - a +0 kite shield (worn)
Wands
 g - a wand of digging (3)
Scrolls
 b - a scroll of blinking {unknown}
 c - a scroll of fog
 d - a scroll of poison {unknown}
 e - a scroll of identify {unknown}
 i - 3 scrolls of teleportation {unknown}
 l - 4 scrolls of fear
 m - a scroll of noise {unknown}
 o - a scroll of enchant weapon {unknown}
 u - a scroll of enchant armour {unknown}
Potions
 k - a potion of attraction {unknown}
 n - a potion of curing {unknown}
 p - a potion of might {unknown}
 r - 2 potions of lignification {unknown}
 s - 2 potions of degeneration {unknown}
 t - 3 potions of invisibility {unknown}


   Skills:
 + Level 3.6 Fighting
 - Level 2.0 Maces & Flails
 + Level 1.6 Armour
 + Level 2.5 Dodging
 + Level 4.9 Stealth
 + Level 0.2 Shields
 + Level 1.9 Evocations


You had 4 spell levels left.
You didn't know any spells.
Your spell library contained the following spells:

 Spells                   Type           Power      Damage    Failure   Level
 Summon Ice Beast         Ice/Summ       0%         N/A       100%        4
 Summon Mana Viper        Hex/Summ       0%         N/A       100%        5
 Monstrous Menagerie      Summ           0%         N/A       100%        7


Dungeon Overview and Level Annotations

Branches:
Dungeon (5/15)
 Temple: D:4-7

Altars:

Shops:
D:4 (   D:5 (

Annotations:
D:3 Crazy Yiuf


Innate Abilities, Weirdness & Mutations

You may rarely emit foul miasma when damaged in melee.
You have an unusually large brain. (Int +2)


Message History

Found a mace.
You see here a +0 mace.
u - a scroll labelled DOPOUF WEGIMNA
There is a stone staircase leading down here.
There is an open door here.
There is an open door here.
There is an open door here.
Found a hammer.
Found a runed translucent door.
You open the door. You closely miss Crazy Yiuf.
Crazy Yiuf hits you but does no damage. Crazy Yiuf barely misses you.
You hit Crazy Yiuf but do no damage. Crazy Yiuf misses you.
You hit Crazy Yiuf but do no damage. You block Crazy Yiuf's attack.
Crazy Yiuf closely misses you.
You hit Crazy Yiuf. You freeze Crazy Yiuf.
Crazy Yiuf is lightly wounded.
Crazy Yiuf closely misses you.
You closely miss Crazy Yiuf.
Crazy Yiuf is lightly wounded.
Crazy Yiuf closely misses you.
Crazy Yiuf hits you with a +2 quarterstaff of chaos!
You are poisoned.
You hit Crazy Yiuf but do no damage.
Crazy Yiuf is lightly wounded.
You feel very sick. You block Crazy Yiuf's attack.
You hit Crazy Yiuf. You freeze Crazy Yiuf.
Crazy Yiuf is moderately wounded.
You feel very sick. Crazy Yiuf hits you but does no damage.
Crazy Yiuf hits you with a +2 quarterstaff of chaos!
Crazy Yiuf freezes you.
You hit Crazy Yiuf but do no damage.
Crazy Yiuf is moderately wounded.
You feel sick.
Crazy Yiuf cries, "Two poople green!"
Crazy Yiuf barely misses you.
You feel yourself speed up.
You feel sick.
Crazy Yiuf hits you with a +2 quarterstaff of chaos!
You die...

#######♣♣♣♣♣
####........♣.♣♣♣ ###
..##.........♣..♣#...#
#.#.........♣♣♣♣@g...#
#.#.###....♣♣ ♣♣#..)# #.#.#
#.##♣♣ ### #.#.###.#
........# #.#..##.#
##################
#.#..##)####..........#.....#
.....(...<##..........#.....#
#.##########..........#.....#
##


You could see Crazy Yiuf.

Vanquished Creatures
  A hound (D:2)
  2 adders
  2 worms (D:3)
  3 dart slugs
  5 orcs
  8 ball pythons
  7 endoplasms
  5 giant cockroaches
  9 goblins
  3 hobgoblins (D:2)
  A quokka (D:3)
  13 bats
  3 frilled lizards
  5 kobolds
  7 rats
74 creatures vanquished.

Notes
Turn   | Place    | Note
-------+----------+-------------------------------------------
     0 | D:5      | flotson the Demonspawn Delver began the quest for the Orb.
     0 | D:5      | Reached XP level 1. HP: 18/18 MP: 1/1
     0 | D:5      | Noticed a lemure
     0 | D:5      | Noticed a lemure
     0 | D:5      | Noticed a lemure
    48 | D:5      | Found Patzipt's Weapon Shoppe.
    58 | D:4      | Gained mutation: You may rarely emit foul miasma when
                  | damaged in melee. [demonic ancestry]
    58 | D:4      | Reached XP level 2. HP: 12/24 MP: 2/2
   282 | D:4      | Noticed an ogre
   492 | D:1      | Reached XP level 3. HP: 26/29 MP: 3/3
   493 | D:1      | Reached skill level 1 in Armour
   522 | D:1      | Found a faded altar of an unknown god.
   587 | D:1      | Reached skill level 1 in Evocations
  1351 | D:2      | Reached XP level 4. HP: 30/35 MP: 4/4
  2421 | D:3      | Gained mutation: You have an unusually large brain. (Int
                  | +2) [demonic ancestry]
  2421 | D:3      | Reached XP level 5. HP: 37/41 MP: 5/5
  2761 | D:3      | Found a runed translucent door.
  2762 | D:3      | Noticed Crazy Yiuf
  2774 | D:3      | Slain by Crazy Yiuf

Illustrated notes

Levels and vault maps discovered:
D:1:      dpeg_arrival_arbitrary_c, layout_basic,
          hellmonk_ecumenical_altar_crossroads, nicolae_figureground_pulse
D:2:      layout_basic
D:3:      layout_basic, kennysheep_decorative_pillar, uniq_crazy_yiuf_cottage
D:4:      layout_loops_corners, minivault_27, glass_columns_b
D:5:      layout_basic, minitemple, serial_shops, nicolae_shop_statue_plus,
          uniq_pikel, uniq_duvessa, uniq_edmund

Skill      XL: |  1  2  3 |
---------------+----------+-----
Dodging        | 2 |  2.5
Maces & Flails | 2 |  2.0
Armour         | 1 |  1.6
Evocations     | 1 |  1.9
Fighting       | |  3.6
Stealth        | |  4.9
Shields        | |  0.2

Action                     |  1- 3 |  4- 6 || total
---------------------------+-------+-------++-------
  Melee: Mace              |    23 |       ||    23
         Hand axe          |    84 |    95 ||   179
         Punch             |     1 |     1 ||     2
    Use: Scroll            |     2 |       ||     2
         Potion            |       |     1 ||     1
   Stab: Sleeping          |     8 |    10 ||    18
 Armour: Leather armour    |    25 |       ||    25
         Ring mail         |    15 |    46 ||    61
  Dodge: Dodged            |    73 |    46 ||   119
  Block: Kite shield       |       |    23 ||    23

Table legend: (Time is in decaauts)
 A = Elapsed time spent in this place.
 B = Non-inter-level travel time spent in this place.
 C = Inter-level travel time spent in this place.
 D = Time resting spent in this place.
 E = Time spent auto-exploring this place.
 F = Levels seen in this place.
 G = Mean time per level.
                   A        B        C        D        E       F      G
               +--------+--------+--------+--------+--------+-----+--------+
         Total |   2835 |   2789 |     46 |     43 |   2042 |   5 |  567.0 |
       Dungeon |   2835 |   2789 |     46 |     43 |   2042 |   5 |  567.0 |
               +--------+--------+--------+--------+--------+-----+--------+

Top non-repeatable levels by time:
     D:2: 866 daAuts
     D:1: 864 daAuts
     D:3: 752 daAuts
     D:4: 298 daAuts
     D:5: 54 daAuts
